 Dungeon Crawl Stone Soup version 0.17-a0-1738-g82cdc46 (webtiles) character file.

77 kae the Insei (level 4, 33/35 HPs)
             Began as a Demonspawn Monk on Aug 30, 2015.
             Quit the game on level 2 of the Dungeon.
             The game lasted 00:00:58 (1650 turns).

kae the Insei (Demonspawn Monk)                     Turns: 1650, Time: 00:00:58

Health: 33/35      AC:  2    Str: 11    XL:     4   Next: 14%
Magic:  4/4        EV: 13    Int: 11    God:
Gold:   100        SH:  0    Dex: 19    Spells: 0 memorised, 3 levels left

rFire  . . .     SeeInvis +       - Unarmed
rCold  . . .     Clarity  .     a - +0 robe
rNeg   . . .     SustAt   .     (no shield)
rPois  .         Gourm    .     (no helmet)
rElec  .         Spirit   .     (no cloak)
rCorr  .         Warding  .     (no gloves)
rMut   .         Stasis   .     (no boots)
MR     .....                    (no amulet)
Stlth  +++.......               (no ring)
                                l - ring of see invisible

@: not resistant to hostile enchantments, fairly stealthy
A: talons 1, thin skeletal structure 1, demonic guardian 1
a: no special abilities


You were on level 2 of the Dungeon.
You were hungry.

You visited 1 branch of the dungeon, and saw 2 of its levels.

You collected 100 gold pieces.

Inventory:

Armour
 a - a +0 robe (worn)
Jewellery
 l - a ring of see invisible (left hand)
Scrolls
 d - a scroll of noise {unknown}
 f - a scroll of enchant armour {unknown}
 h - 2 scrolls of fog {unknown}
 k - a scroll of enchant weapon {unknown}
 m - a scroll of recharging {unknown}
 p - a scroll of immolation {unknown}
 r - a scroll of remove curse {unknown}
Potions
 c - a potion of mutation {unknown}
 e - a potion of brilliance {unknown}
 i - a potion of resistance {unknown}
 j - a potion of curing {unknown}
 o - a potion of ambrosia {unknown}
 q - a potion of invisibility {unknown}
 t - a potion of cancellation {unknown}
Comestibles
 b - a bread ration
 g - 2 slices of pizza
 n - a beef jerky
 s - a chunk of flesh


   Skills:
 - Level 3.0 Fighting
 - Level 2.6 Dodging
 - Level 1.7 Stealth
 + Level 5.2 Unarmed Combat


You had 3 spell levels left.
You didn't know any spells.

Dungeon Overview and Level Annotations

Branches:
Dungeon (2/15)

Altars:


Innate Abilities, Weirdness & Mutations

You have sharp toenails.
You have a somewhat thin skeletal structure (Dex +2, Stealth).
A weak demonic guardian rushes to your aid.


Message History

Ijyb hits you with a dagger of speed.
Your white imp gestures at Ijyb.
The puff of frost hits Ijyb.
You hit Ijyb but do no damage.
Ijyb is almost dead.
Your white imp disappears in a puff of smoke!
Ijyb hits you with a dagger of speed.
You closely miss Ijyb.
Ijyb is almost dead.
Ijyb closely misses you.
You punch Ijyb!
You kill Ijyb!
You have reached level 4!
You feel agile.
Your demonic ancestry asserts itself...
Your toenails lengthen and sharpen.
You start resting.
You are feeling hungry.
t - a bubbling sapphire potion You see here a dagger of speed.
Are you sure you want to abandon this character and quit the game? (Confirm with "yes".)

..... ..... .. ... .....
.# #.#.# # ... .###.#.#
... ..#.#.####... ####
............
###$.###..#........
#.@....##.#.##.####
..>.....##.....#........
.......####....รท........
....... #.............
....... #..............
....##. ....##.####.####
###. ###..###..# #.# #
### ....# #.# .....# #.#


There were no monsters in sight!

Vanquished Creatures
  Ijyb (D:2)
  An adder (D:2)
  A worm (D:2)
  3 giant geckos
  3 giant cockroaches (D:1)
  9 goblins
  3 hobgoblins
  2 jackals (D:1)
  6 bats
  4 giant newts
  2 kobolds (D:1)
  6 rats
41 creatures vanquished.

Notes
Turn   | Place    | Note
--------------------------------------------------------------
     0 | D:1      | kae the Demonspawn Monk began the quest for the Orb.
     0 | D:1      | Reached XP level 1. HP: 18/18 MP: 1/1
   219 | D:1      | Reached skill level 4 in Unarmed Combat
   236 | D:1      | Gained mutation: A weak demonic guardian rushes to your aid. [demonic ancestry]
   236 | D:1      | Reached XP level 2. HP: 12/24 MP: 2/2
   981 | D:1      | Gained mutation: You have a somewhat thin skeletal structure (Dex +2, Stealth). [demonic ancestry]
   981 | D:1      | Reached XP level 3. HP: 27/29 MP: 3/3
  1465 | D:2      | Reached skill level 5 in Unarmed Combat
  1507 | D:2      | Noticed Ijyb
  1519 | D:2      | Killed Ijyb
  1519 | D:2      | Gained mutation: You have sharp toenails. [demonic ancestry]
  1519 | D:2      | Reached XP level 4. HP: 19/35 MP: 4/4
  1650 | D:2      | Quit the game

Vault maps used:
D:1:      eino_arrival_tree_alley
D:2:      minmay_misc_feat_iff, uniq_iyjb

Action                   |  1- 3 |  4- 6 || total
-------------------------+-------+-------++-------
Melee: Unarmed           |   161 |       ||   161
 Stab: Sleeping          |     6 |       ||     6
  Eat: Chunk             |     2 |       ||     2
